 Dungeon Crawl Stone Soup version 0.30.1-6-gbe392663c4 (webtiles) character file.

Game seed: 4280003778218178517

9444 wingedge the Digger (level 11, -16/91 HPs)
             Began as a Demigod Wanderer on Sept 20, 2023.
             Demolished by a tentacled starspawn (17 damage)
             ... on level 2 of the Abyss.
             The game lasted 00:43:36 (15047 turns).

wingedge the Digger (Demigod Wanderer)             Turns: 15047, Time: 00:43:36

Health: -16/91     AC:  9    Str: 14    XL:     11   Next: 3%
Magic:  2/22       EV: 14    Int: 20    God:
Gold:   477        SH:  0    Dex: 18    Spells: 9/20 levels left

rFire   . . .        a - +0 broad axe (flame)
rCold   . . .        (no shield)
rNeg    . . .        D - +1 robe of Vines {NoPotionHeal Regen++++}
rPois   .            (no helmet)
rElec   .            s - +0 cloak
rCorr   .            t - +0 pair of gloves
SInv    .            (no boots)
Will    +....        (no amulet)
Stlth   +++          r - +4 ring of protection
HPRegen 0.00/turn    (no ring)
MPRegen 0.18/turn

%: no passive effects
@: sick, hasted, very quick
A: high MP 1, forlorn, divine attributes
a: no special abilities


You were on level 2 of the Abyss.
You visited 1 branch of the dungeon, and saw 9 of its levels.
You visited the Abyss 1 time.
You also visited: Bailey.

You collected 477 gold pieces.

Inventory:

Hand Weapons
 a - a +0 broad axe of flaming (weapon)
 b - a +2 hammer of holy wrath
 d - a +2 scythe of protection
 y - a +0 short sword of venom
 C - a +4 falchion
Missiles
 m - 5 atropa-tipped darts
 q - 6 boomerangs
Armour
 l - a +3 leather armour of cold resistance
 s - a +0 cloak (worn)
 t - a +0 pair of gloves (worn)
 D - the +1 robe of Vines (worn) {NoPotionHeal Regen++++}
   (You found it on level 7 of the Dungeon)

   NoPotionHeal: Its wearer cannot be healed by potions.
   Regen:     It increases your rate of health regeneration.
Jewellery
 r - a +4 ring of protection (left hand)
Wands
 c - a wand of flame (12)
 i - a wand of iceblast (10)
 F - a wand of charming (19)
 G - a wand of mindburst (8)
Scrolls
 f - 4 scrolls of amnesia
 h - a scroll of fog
 k - 2 scrolls of fear (quivered)
 p - 2 scrolls of poison
 w - a scroll of immolation
Potions
 e - 2 potions of attraction
 j - 5 potions of curing
 o - 2 potions of might
 v - 2 potions of cancellation {unknown}
 x - a potion of berserk rage {unknown}
 z - 2 potions of degeneration {unknown}
 B - a potion of invisibility {unknown}


   Skills:
 + Level 6.7 Fighting
 + Level 2.3 Axes
 - Level 1.0 Throwing
 - Level 3.0 Armour
 + Level 4.5 Dodging
 - Level 4.0 Stealth
 - Level 1.0 Unarmed Combat
 - Level 5.0 Spellcasting
 + Level 7.4 Conjurations
 + Level 4.8 Transmutations
 + Level 7.4 Earth Magic
 - Level 3.0 Poison Magic


You had 9 spell levels left.
You knew the following spells:

 Your Spells              Type           Power      Damage    Failure   Level
a - Sting                 Tmut/Pois      80%        1d7       2%          1
b - Wereblood             Tmut           24%        N/A       2%          2
c - Sandblast             Erth           68%        2d15      1%          1
d - Stone Arrow           Conj/Erth      68%        3d11      1%          3
e - Petrify               Tmut/Erth      29%        N/A       10%         4

Your spell library contained the following spells:

 Spells                   Type           Power      Damage    Failure   Level
 Passwall                 Tmut/Erth      24%        N/A       1%          2
 Lesser Beckoning         Tloc           10%        N/A       17%         2
 Gell's Gravitas          Tloc           5%         N/A       34%         3
 Teleport Other           Tloc           5%         N/A       34%         3


Dungeon Overview and Level Annotations

Branches:
Dungeon (9/15)             Temple (0/1) D:5          Bailey (visited)
   Lair: D:8-11         Orc: D:9-12

Annotations:
D:5 2 transporters, chicagocrazy's ghost, weakling DsBr


Innate Abilities, Weirdness & Mutations

You have an increased reservoir of magic. (+10% MP)
You shall have no god before yourself.
Your divine heritage dramatically boosts your attributes as you level up.


Message History

Here: an apocalypse crab (heavily wounded)
The floor.
Unknown command.
You hit the apocalypse crab.
The apocalypse crab is severely wounded.
You hit the ancient zyme but do no damage.
The apocalypse crab closely misses you. The apocalypse crab misses you.
The ancient zyme hits you!
The ancient zyme hits you but does no damage.
Casting: Stone Arrow (safe; 1% risk of failure)
Confirm with . or Enter, or press ? or * to list all spells.
Aiming: Stone Arrow (safe; 1% risk of failure)
Press: ? - help, Shift-Dir - straight line, f/p - apocalypse crab
Aim: an apocalypse crab (severely wounded, 88% to hit)
The stone arrow hits the apocalypse crab!!
You kill the apocalypse crab!
The ancient zyme closely misses you. The ancient zyme hits you!
Your life force feels restored.
You hit the ancient zyme. You burn the ancient zyme.
The ancient zyme is lightly damaged.
The ancient zyme hits you!
The ancient zyme hits you but does no damage.
The ancient zyme hits you. The ancient zyme hits you!
* * * LOW HITPOINT WARNING * * *
You feel ill.
Press: ? - help, v - describe, . - travel
Here: an ancient zyme (lightly damaged)
The floor.
Press: ? - help, v - describe, . - travel
Here: an ancient zyme (lightly damaged)
The floor.
Unknown command.
You feel yourself speed up. The ancient zyme misses you.
The ancient zyme barely misses you.
You feel ill.
A wretched star comes into view.
The tentacled starspawn bites you!!
* * * LOW HITPOINT WARNING * * *
The tentacled starspawn tentacle-slaps you!
You die...

## ##.##
#.#.#
#..X##
#.#§@#
#*.###x#
#.## #.#
## ...
.#. .#
†# # #


You could see a tentacled starspawn and an ancient zyme.

Vanquished Creatures
  A hydra (D:7)
  A two-headed ogre (D:9)
  Pikel (D:8)
  Maurice (D:8)
  An apocalypse crab (Abyss:2)
  Maggie (D:8)
  An orange demon (Abyss:1)
  2 trolls (D:7)
  Sigmund (D:3)
  A ynoxinul (Abyss:1)
  2 spriggans (Bailey)
  2 wyverns
  9 yaks
  3 steam dragons
  A water moccasin (D:7)
  An ice beast (D:5)
  4 black bears
  3 small abominations (Abyss:1)
  A centaur (D:8)
  7 ogres
  4 phantoms
  2 lemures (D:8)
  A kobold brigand (D:8)
  5 bullfrogs
  5 scorpions
  3 wights (D:6)
  6 killer bees (D:7)
  2 quasits (D:5)
  3 jellies
  2 orc priests (D:8)
  Crazy Yiuf (D:2)
  A gnoll bouda (D:8)
  2 hounds
  Jessica (D:3)
  4 iguanas
  7 orc wizards
  Robin (D:3)
  4 adders
  11 gnolls
  2 shadow imps (D:5)
  7 white imps
  2 ufetubi (D:5)
  A worm (D:2)
  4 dart slugs
  16 orcs
  2 endoplasms
  2 giant cockroaches
  13 goblins
  15 hobgoblins
  4 quokkas
  5 ball pythons
  4 bats
  3 frilled lizards
  12 kobolds
  3 rats
204 creatures vanquished.

Vanquished Creatures (others)
  An orc (D:8)
  2 starspawn tentacles (Abyss:1)
3 creatures vanquished.

Grand Total: 207 creatures vanquished

Notes
Turn   | Place    | Note
-------+----------+-------------------------------------------
     0 | D:1      | wingedge the Demigod Wanderer began the quest for the Orb.
     0 | D:1      | wingedge set off with the following items: a +0 club, a +0
                  | pair of gloves, a potion of haste, a +0 leather armour, a
                  | potion of attraction; and the following spell memorised:
                  | Sting; and the following spells available to memorise:
                  | Wereblood, Petrify.
     0 | D:1      | Reached XP level 1. HP: 14/14 MP: 4/4
   579 | D:1      | Reached skill level 1 in Poison Magic
   643 | D:1      | Reached XP level 2. HP: 20/20 MP: 2/5
  1343 | D:2      | Learned a level 2 spell: Wereblood
  1821 | D:2      | Found a runed translucent door.
  1822 | D:2      | Noticed Crazy Yiuf
  1902 | D:2      | Killed Crazy Yiuf
  1903 | D:2      | Reached XP level 3. HP: 9/26 MP: 0/6
  2690 | D:3      | Reached skill level 1 in Fighting
  2690 | D:3      | Reached XP level 4. HP: 34/35 MP: 0/8
  2774 | D:3      | Noticed Robin
  3030 | D:3      | Killed Robin
  3485 | D:3      | Reached XP level 5. HP: 42/42 MP: 2/9
  3573 | D:3      | Noticed Jessica
  3585 | D:3      | Killed Jessica
  3832 | D:3      | Noticed Sigmund
  3848 | D:3      | Killed Sigmund
  3849 | D:3      | Reached XP level 6. HP: 35/51 MP: 0/11
  4808 | D:4      | Identified a scroll of acquirement
  4809 | D:4      | Acquired a book of Geomancy
  4813 | D:4      | Learned a level 1 spell: Sandblast
  4997 | D:4      | Reached XP level 7. HP: 41/59 MP: 5/13
  5061 | D:4      | Learned a level 3 spell: Stone Arrow
  5268 | D:4      | Reached skill level 1 in Conjurations
  5463 | D:5      | Entered Level 5 of the Dungeon
  5562 | D:5      | Noticed chicagocrazy's ghost (weakling DsBr)
  5562 | D:5      | Found a transporter.
  5562 | D:5      | Found a transporter.
  6047 | D:5      | Reached XP level 8. HP: 48/66 MP: 1/15
  6558 | D:5      | Found a staircase to the Ecumenical Temple.
  7261 | D:5      | Found a transporter.
  7263 | D:5      | Found a transporter.
  7442 | D:5      | Found a staircase to the Ecumenical Temple.
  8028 | D:6      | Reached skill level 5 in Conjurations
  8028 | D:6      | Reached skill level 5 in Earth Magic
  9458 | D:7      | Noticed a seven-headed hydra
  9463 | D:7      | Noticed a troll
  9465 | D:7      | Killed a seven-headed hydra
  9466 | D:7      | Reached XP level 9. HP: 71/71 MP: 3/18
 10130 | D:7      | Reached skill level 5 in Spellcasting
 10422 | D:7      | Reached skill level 5 in Fighting
 10511 | D:7      | Found the +1 robe of Vines {NoPotionHeal Regen++++}
 10520 | D:7      | Reached skill level 1 in Dodging
 11328 | D:8      | Noticed Maggie
 11340 | D:8      | Killed Maggie
 11341 | D:8      | Reached XP level 10. HP: 54/81 MP: 1/21
 11900 | D:8      | Noticed Pikel
 11911 | D:8      | Killed Pikel
 12158 | D:8      | Noticed Maurice
 12234 | D:8      | Killed Maurice
 12813 | D:8      | Learned a level 4 spell: Petrify
 13498 | D:7      | Reached skill level 1 in Axes
 14006 | D:9      | Noticed a two-headed ogre
 14011 | D:9      | Killed a two-headed ogre
 14034 | D:9      | Found a flagged portal.
 14083 | Bailey   | Entered a bailey
 14484 | Abyss:1  | Cast into level 1 of the Abyss (spriggan)
 14497 | Abyss:1  | Noticed a bunyip
 14558 | Abyss:1  | Noticed a starcursed mass
 14558 | Abyss:1  | Noticed a large abomination
 14568 | Abyss:1  | Noticed a starcursed mass
 14570 | Abyss:1  | Noticed a green death
 14649 | Abyss:1  | Noticed a tentacled starspawn
 14662 | Abyss:1  | Noticed a rust devil
 14687 | Abyss:1  | Noticed a rakshasa
 14703 | Abyss:1  | Noticed a glowing orange brain
 14704 | Abyss:1  | Noticed a tentacled starspawn
 14706 | Abyss:1  | Noticed a starcursed mass
 14834 | Abyss:1  | Noticed a large abomination
 14872 | Abyss:1  | Reached XP level 11. HP: 91/91 MP: 6/22
 14938 | Abyss:1  | Noticed a sun demon
 14938 | Abyss:1  | Noticed a sun demon
 14940 | Abyss:1  | Noticed a balrug
 14941 | Abyss:1  | Noticed a bone dragon
 14967 | Abyss:1  | Noticed a large abomination
 14975 | Abyss:2  | Noticed a tentacled monstrosity
 15003 | Abyss:2  | Noticed a green very ugly thing
 15008 | Abyss:2  | Noticed a starcursed mass
 15042 | Abyss:2  | Noticed a wretched star
 15043 | Abyss:2  | Noticed a tentacled starspawn
 15047 | Abyss:2  | HP: 1/91 [tentacled starspawn (20)]
 15047 | Abyss:2  | Demolished by a tentacled starspawn

Illustrated notes

Levels and vault maps discovered:
D:1:      psy_arrival_spokes, layout_basic
D:2:      layout_basic, uniq_crazy_yiuf_cottage
D:3:      layout_basic, serial_bayou, serial_bayou_crossing,
          serial_bayou_pond_d, serial_bayou_ford_a, serial_bayou_pond_e,
          uniq_sigmund, uniq_robin, uniq_jessica
D:4:      layout_basic, mainiacjoe_overflow_big_doors
D:5:      layout_cave_pools, minitemple, minmay_temple_entry_arrows,
          serial_demonic, serial_demonic_c, serial_demonic_f, serial_demonic_g,
          serial_demonic_d, gammafunk_ghost_hive, kennysheep_big_empty_room,
          chequers_serial_rivers_large_a, kennysheep_generic_room_2
D:6:      layout_gridville
D:7:      layout_basic, mainiacjoe_overflow_divided_tiny,
          lemuel_coloured_pillars_altar, marbit_many_paths,
          hellmonk_guarded_unrand_vines
D:8:      layout_basic, mainiacjoe_overflow_small_starburst, uniq_pikel,
          uniq_maggie, uniq_maurice
D:9:      wander_river, layout_loops_cross, enter_bailey_5, uniq_joseph
Abyss:2:  base: Temple, evilmike_abyss_exit_plants
Bailey:   bailey_polearm_enchanted_keep_hellmonk, bailey

Skill      XL: |  1  2  3  4  5  6  7  8  9 10 |
---------------+-------------------------------+-----
Transmutations | 3 4 |  4.8
Poison Magic   | 1 2 3 |  3.0
Fighting       | 1 2 3 4 5 6 |  6.7
Armour         | 2 3 |  3.0
Stealth        | 2 3 4 |  4.0
Spellcasting   | 2 3 5 |  5.0
Earth Magic    | 2 3 6 7 |  7.4
Conjurations   | 3 6 7 |  7.4
Dodging        | 2 4 |  4.5
Axes           | 2 |  2.3
Throwing       | |  1.0
Unarmed Combat | |  1.0

Action                     |  1- 3 |  4- 6 |  7- 9 | 10-12 || total
---------------------------+-------+-------+-------+-------++-------
  Melee: Mace              |    13 |     7 |    11 |       ||    31
         Club              |     5 |       |       |       ||     5
         Dagger            |       |    21 |     5 |       ||    26
         Short sword       |       |       |     8 |     7 ||    15
         War axe           |       |       |     1 |       ||     1
         Falchion          |       |       |     2 |     4 ||     6
         Broad axe         |       |       |       |    30 ||    30
         Punch             |       |       |       |     1 ||     1
  Throw: Dart              |       |     5 |       |     1 ||     6
   Cast: Sting             |    73 |    97 |    14 |       ||   184
         Wereblood         |       |     1 |     2 |       ||     3
         Sandblast         |       |     3 |    38 |     1 ||    42
         Stone Arrow       |       |       |   112 |   129 ||   241
         Petrify           |       |       |       |     1 ||     1
  Evoke: Wand              |       |       |     3 |       ||     3
    Use: Scroll            |     4 |     4 |     2 |    10 ||    20
         Potion            |       |       |       |     1 ||     1
   Stab: Invisible         |       |     1 |       |       ||     1
         Sleeping          |       |     1 |       |       ||     1
 Armour: Leather armour    |     7 |       |       |       ||     7
         Robe              |     5 |    25 |    52 |    40 ||   122
  Dodge: Dodged            |    30 |    40 |    68 |   106 ||   244
